 Dungeon Crawl Stone Soup version 0.31.0-12-g77e489cdc1 (webtiles) character file.

Game seed: 722390060399497235

95 lordive the Slasher (level 4, -5/41 HPs)
             Began as a Minotaur Monk on Mar 2, 2024.
             Killed by divine providence
             ... invoked by an orc priest
              (13 damage)
             ... on level 3 of the Dungeon.
             The game lasted 00:02:22 (1544 turns).

lordive the Slasher (Minotaur Monk)                 Turns: 1544, Time: 00:02:22

Health: -5/41      AC:  9    Str: 15    XL:     4   Next: 40%
Magic:  3/3        EV: 12    Int:  7    God:
Gold:   66         SH:  0    Dex: 15    Spells: 3/3 levels left

rFire   . . .        i - +0 long sword
rCold   . . .        (no shield)
rNeg    . . .        e - +0 ring mail
rPois   +            (helmet restricted)
rElec   .            (no cloak)
rCorr   .            (no gloves)
SInv    .            (no boots)
Will    .....        (no amulet) Stlth
                     f - +4 ring of protection
HPRegen 0.26/turn    g - ring of poison resistance
MPRegen 0.08/turn

%: no passive effects
@: confused, ambrosia-drunk
A: horns 2, retaliatory headbutt
a: no special abilities


You were on level 3 of the Dungeon.
You visited 1 branch of the dungeon, and saw 3 of its levels.

You collected 66 gold pieces.

Inventory:

Hand Weapons
 i - a +0 long sword (weapon)
Armour
 e - a +0 ring mail (worn)
Jewellery
 b - a ring of ice
 f - a +4 ring of protection (left hand)
 g - a ring of poison resistance (right hand)
 j - a ring of protection from fire
Scrolls
 a - a scroll of vulnerability {unknown}
 h - a scroll of identify {unknown}
 k - a scroll of noise {unknown}
Potions
 d - a potion of curing {unknown}


   Skills:
 + Level 4.4 Fighting
 + Level 5.0 Long Blades
 + Level 0.5 Armour
 + Level 4.1 Dodging


You had 3 spell levels left.
You didn't know any spells.
Your spell library contained the following spells:

 Spells                   Type           Power      Damage    Failure   Level
 Blink                    Tloc           0%         N/A       80%         2
 Lesser Beckoning         Tloc           0%         N/A       80%         2
 Momentum Strike          Conj/Tloc      0%         3d8       80%         2


Dungeon Overview and Level Annotations

Branches:
Dungeon (3/15)

Altars:

Shops:
D:3 (


Innate Abilities, Weirdness & Mutations

You have a pair of horns on your head.
You reflexively headbutt those who attack you in melee.


Message History

A puff of flame appears from out of thin air!
The puff of flame hits you.
The orc priest looks encouraged for a moment.
You hit something.
You hear some strange, mumbled words.
Something tries to affect you, but you resist.
You miss something. Something hits you but does no damage.
The orc priest mumbles some strange prayers to Beogh against you.
Something writhes in agony.
You miss something. Your headbutt misses something.
Something hits you but does no damage.
The orc priest looks encouraged for a moment.
You miss something. Your headbutt misses something.
You hear some strange, mumbled words.
You are confused.
You hear some strange, mumbled words.
A magic dart appears from out of thin air!
The magic dart hits you but does no damage.
You're too confused to move!
The orc priest calls down the wrath of Beogh upon you.
Beogh smites you! Something hits you but does no damage.
You bump into the rock wall.
You hear some strange, mumbled words.
You are more confused.
The orc priest mumbles some strange prayers to Beogh against you.
Beogh smites you!
* * * LOW HITPOINT WARNING * * *
You hit something.
You hear some strange, mumbled words.
A magic dart appears from out of thin air!
The magic dart hits you.
* * * LOW HITPOINT WARNING * * *
You hear some strange, mumbled words.
A puff of flame appears from out of thin air!
The puff of flame hits you but does no damage.
You are more confused.
You feel invigorated.
The orc priest calls down the wrath of Beogh upon you.
Beogh smites you!
You die...

#.... ...
######...
#........
#.....#.#
#.....#.#
#.....#.#
#.....#@#
.###...<.#.#
.........#.#
.##.....o#o#
#....∩$oo#
#.##.##o.#
#.....)..#
###.........#
#.........#


You could see an orc priest, an orc wizard and 2 orcs.

Vanquished Creatures
  An orc priest (D:3)
  An adder (D:2)
  3 ribbon worms (D:2)
  A dart slug (D:2)
  An orc (D:3)
  A bat (D:1)
  6 endoplasms
  4 giant cockroaches
  5 goblins
  A hobgoblin (D:1)
  4 jackals (D:2)
  4 ball pythons
  3 frilled lizards
  5 kobolds
  5 rats
45 creatures vanquished.

Notes
Turn   | Place    | Note
-------+----------+-------------------------------------------
     0 | D:1      | lordive the Minotaur Monk began the quest for the Orb.
     0 | D:1      | Reached XP level 1. HP: 19/19 MP: 0/0
   320 | D:1      | Reached XP level 2. HP: 27/27 MP: 1/1
   394 | D:1      | Reached skill level 4 in Long Blades
   894 | D:2      | Reached XP level 3. HP: 33/33 MP: 2/2
  1144 | D:2      | Found a faded altar of an unknown god.
  1512 | D:3      | Found Nyolitha's Antique Weapon Shoppe.
  1521 | D:3      | Reached skill level 5 in Long Blades
  1521 | D:3      | Reached XP level 4. HP: 41/41 MP: 3/3
  1542 | D:3      | HP: 2/41 [something/magic dart (3)]
  1544 | D:3      | Killed from afar by an orc priest

Illustrated notes

Levels and vault maps discovered:
D:1:      sevenhm_arrival_forest_fort_large_3, layout_basic
D:2:      minmay_wonky_spiral, layout_rooms,
          dreamdust_ecumenical_altar_sealed_demon
D:3:      layout_rooms, old_standard_altar, serial_shops, shop, shop, shop,
          grunt_ministairs_2

Skill      XL: |  1  2  3 |
---------------+----------+-----
Long Blades    | 4 5 |  5.0
Fighting       | 4 |  4.4
Dodging        | 4 |  4.1
Armour         | |  0.5

Action                     |  1- 3 |  4- 6 || total
---------------------------+-------+-------++-------
  Melee: Falchion          |    59 |       ||    59
         Headbutt          |    13 |       ||    13
         Long sword        |    19 |    12 ||    31
         Punch             |     1 |     1 ||     2
    Use: Potion            |       |     1 ||     1
 Armour: Robe              |     7 |       ||     7
         Ring mail         |    24 |    18 ||    42
  Dodge: Dodged            |    43 |     7 ||    50
